 Dungeon Crawl Stone Soup version 0.17.1-3-g152610e (webtiles) character file.

94 Jerry the Skirmisher (level 4, -1/38 HPs)
             Began as a Demigod Fighter on Apr 1, 2016.
             Slain by Jerry's ghost (8 damage)
             ... on level 3 of the Dungeon.
             The game lasted 00:05:09 (1887 turns).

Jerry the Skirmisher (Demigod Fighter)              Turns: 1887, Time: 00:05:09

Health: -1/38      AC:  6    Str: 21    XL:     4   Next: 16%
Magic:  6/6        EV:  7    Int: 12    God:
Gold:   111        SH:  9    Dex: 15    Spells: 0 memorised, 3 levels left

rFire  . . .     SeeInvis +     a - +0 trident
rCold  . . .     Clarity  .     b - +0 scale mail
rNeg   . . .     SustAt   +     c - +0 shield
rPois  .         Gourm    .     (no helmet)
rElec  .         Spirit   .     (no cloak)
rCorr  .         Warding  .     (no gloves)
rMut   .         Stasis   .     (no boots)
MR     .....                    v - amulet of faith
Stlth  ..........               h - ring of flight
                                g - ring of see invisible

@: flying, very slightly contaminated, hasted, very quick, not resistant to
hostile enchantments, extremely unstealthy
A: high mp 1, sustain attributes
a: no special abilities


You were on level 3 of the Dungeon.
You were very hungry.

You visited 1 branch of the dungeon, and saw 3 of its levels.

You collected 111 gold pieces.

Inventory:

Hand Weapons
 a - a +0 trident (weapon)
Armour
 b - a +0 scale mail (worn)
 c - a +0 shield (worn)
 d - a +0 helmet
 r - a +0 pair of gloves
 s - a +1 helmet
Jewellery
 g - a ring of see invisible (left hand)
 h - a ring of flight (right hand)
 v - an amulet of faith (around neck)
Wands
 t - a wand of flame (11)
Scrolls
 i - a scroll of remove curse {unknown}
 m - a scroll of teleportation {unknown}
 o - a scroll of noise {unknown}
 p - a scroll of amnesia {unknown}
 x - a scroll of identify {unknown}
 y - a scroll of fear {unknown}
 z - a scroll of fog {unknown}
Potions
 f - a potion of curing
 l - a potion of heal wounds
 u - a potion of haste
 A - a potion of lignification {unknown}
Comestibles
 e - a bread ration
 j - 3 meat rations
 k - a slice of pizza
 w - 4 fruits


   Skills:
 + Level 3.4 Fighting
 + Level 2.6 Polearms
 + Level 3.2 Armour
 + Level 3.2 Shields


You had 3 spell levels left.
You didn't know any spells.

Dungeon Overview and Level Annotations

Branches:
Dungeon (3/15)

Annotations:
D:3 Jerry's ghost, amateur DgFi


Innate Abilities, Weirdness & Mutations

You have an increased reservoir of magic (+10% MP).
Your attributes are resistant to harm.


Message History

It was a potion of haste.
You feel yourself speed up. The bat hits you but does no damage.
The bat barely misses you. You block Jerry's ghost's attack.
You are very lightly contaminated with residual magic.
You hit Jerry's ghost but do no damage. You block the bat's attack.
You hit Jerry's ghost.
Jerry's ghost is lightly damaged.
You block the bat's attack. Jerry's ghost hits you!
You hit Jerry's ghost.
Jerry's ghost is moderately damaged.
You block the bat's attack. x2
Jerry's ghost hits you!
* * * LOW HITPOINT WARNING * * *
You hit Jerry's ghost but do no damage.
Jerry's ghost is lightly damaged.
The bat barely misses you. You block Jerry's ghost's attack.
You hit Jerry's ghost.
Jerry's ghost is moderately damaged.
You block the bat's attack. Jerry's ghost hits you!
You die...

.<. #.# # #.#
.## #.# ....
##.###..#
......#_#
#.###b.†...#.
#....@.......
#####W#######
#.# #.# #.#
.######.#
.......<#
.########


You could see Jerry's ghost and a bat.

Vanquished Creatures
  Robin (D:2)
  4 adders (D:2)
  An ooze (D:2)
  A worm (D:2)
  A giant gecko (D:2)
  13 goblins
  6 hobgoblins
  6 bats
  A giant cockroach (D:1)
  3 giant newts
  4 kobolds
  A rat (D:2)
42 creatures vanquished.

Notes
Turn   | Place    | Note
--------------------------------------------------------------
     0 | D:1      | Jerry the Demigod Fighter began the quest for the Orb.
     0 | D:1      | Reached XP level 1. HP: 18/18 MP: 3/3
   253 | D:1      | Reached skill level 3 in Fighting
   432 | D:1      | Reached XP level 2. HP: 26/26 MP: 4/4
  1111 | D:2      | Reached XP level 3. HP: 31/31 MP: 5/5
  1138 | D:2      | Noticed Robin
  1160 | D:2      | Killed Robin
  1626 | D:2      | Reached XP level 4. HP: 38/38 MP: 6/6
  1864 | D:3      | Found a faded altar to an unknown god.
  1868 | D:3      | Noticed Jerry's ghost (amateur DgFi)
  1881 | D:3      | Gained mutation: You can spit weak poison. [potion of mutation]
  1881 | D:3      | Lost mutation: You can spit weak poison. [potion of mutation]
  1887 | D:3      | Slain by Jerry's ghost

Action                   |  1- 3 |  4- 6 || total
-------------------------+-------+-------++-------
Melee: Trident           |   114 |    26 ||   140
  Use: Potion            |     1 |     5 ||     6
  Eat: Chunk             |     2 |       ||     2
